 Seeded DCSS version 0.32-a0-900-g30fb1b0edc (webtiles) character file.

Game seed: 3004286359654636035 (custom seed)

352 demibob the Poker (level 6, -6/42 (44) HPs)
             Began as a Merfolk Gladiator on Apr 6, 2024.
             Mangled by a wight
             ... wielding a +4 mace
              (13 damage)
             ... on level 5 of the Dungeon.
             The game lasted 00:04:01 (3888 turns).

demibob the Poker (Merfolk Gladiator)               Turns: 3888, Time: 00:04:02

HP:   -6/42 (44)    AC:  4    Str: 15    XL:     6   Next: 62%
MP:   6/6           EV: 12    Int:  9    God:
Gold: 304           SH:  0    Dex: 15    Spells: 5/5 levels left

rFire   . . .        a - +0 trident (spect)
rCold   . . .        (no shield)
rNeg    . . .        b - +0 leather armour
rPois   .            c - +0 helmet
rElec   .            (no cloak)
rCorr   .            (no gloves)
SInv    .            (no boots)
Will    .....        (no amulet)
Stlth   +            (no ring)
HPRegen 0.27/turn    (no ring)
MPRegen 0.10/turn

%: no passive effects
@: about to teleport, lightly drained
A: (nimble swimmer 2), mertail
a: no special abilities


You were on level 5 of the Dungeon.
You visited 1 branch of the dungeon, and saw 5 of its levels.

You collected 304 gold pieces.


Innate Abilities, Weirdness & Mutations

((You are very nimble when in or above water. (Stealth+, EV+, Speed+++)))
Your lower body shifts to a powerful aquatic tail in water.


   Skills:
 - Level 2.1 Fighting
 + Level 7.2 Polearms
 + Level 5.0 Throwing
 - Level 4.0 Dodging


You had 5 spell levels left.
You didn't know any spells.
Your spell library contained the following spells:

 Spells                   Type           Power      Damage    Failure   Level
 Magic Dart               Conj           0%         1d3       45%         1
 Blink                    Tloc           0%         N/A       58%         2
 Call Imp                 Summ           0%         N/A       58%         2
 Tukima's Dance           Hex            0%         N/A       83%         3
 Dimensional Bullseye     Hex/Tloc       0%         N/A       99%         4
 Iskenderun's Mystic Bla Conj/Tloc 0%             2d3        (+2d1     99%         4

Inventory:

Hand Weapons
 a - a +0 spectral trident (weapon)
Missiles
 d - 3 throwing nets (quivered) {=f}
 e - a javelin
Armour
 b - a +0 leather armour (worn)
 c - a +0 helmet (worn)
Magical Staves
 m - a staff of conjuration {!a}
Wands
 g - a wand of mindburst (23)
 k - a wand of polymorph (3)
 n - a wand of flame (23)
 r - a wand of iceblast (6)
Scrolls
 f - 2 scrolls of teleportation {@r2}
 i - a scroll of fear
 u - 2 scrolls of amnesia
Potions
 h - a potion of curing {@q1}
 j - 2 potions of haste {@q3}
 l - 2 potions of lignification {unknown}
 o - a potion of mutation
 q - a potion of cancellation {unknown}
 s - a potion of degeneration {unknown}
 t - a potion of enlightenment {unknown}

Dungeon Overview and Level Annotations

Branches:
Dungeon (5/15)
 Temple: D:4-7

Altars:
Ashenzari
Zin

Shops:
D:1 =?(*? D:4

( ...## ###......##....
...#. ###............
.l... .................
.... .......#........
#..####......#........
#... .........†.....#.
###.z###............>#
#....z.#....#.......##
#.(..z@##...........##
#...#.#...............##
#....>.#....##..........#
###...####..###.####.....
#### #### ### #.#.. ####


You could see an iguana (fleeing) and 3 wights.


Message History

You closely miss the iguana.
The iguana is severely wounded.
Your +0 spectral trident hits the iguana but does no damage.
The iguana bites you!
You hit the iguana.
The iguana is severely wounded.
Your +0 spectral trident hits the iguana from afar.
The iguana hisses menacingly.
The iguana bites you!
* * * LOW HITPOINT WARNING * * *
The wight hits you with a +0 war axe!
* * * LOW HITPOINT WARNING * * *
You feel drained.
* * * LOW HITPOINT WARNING * * *
As you read the scroll of fear, it crumbles to dust.
You assume a fearsome visage.
The wight is unaffected. x2
The iguana looks frightened!
Your +0 spectral trident disappears.
The wight hits you with a +0 war axe.
* * * LOW HITPOINT WARNING * * *
Unknown command.
You feel much better. The wight hits you with a +4 mace!
* * * LOW HITPOINT WARNING * * *
The wight hits you with a +0 war axe!
* * * LOW HITPOINT WARNING * * *
You feel drained.
As you read the scroll of teleportation {@r2}, it crumbles to dust.
You feel strangely unstable. The wight barely misses you.
The wight hits you with a +4 mace!
You die...

Skill      XL: |  1  2  3  4  5  6 |
---------------+-------------------+-----
Polearms       | 5 6 7 |  7.2
Throwing       | 3 4 5 |  5.0
Fighting       | |  2.1
Dodging        | |  4.0

Action                     |  1- 3 |  4- 6 || total
---------------------------+-------+-------++-------
  Melee: Trident           |    82 |   151 ||   233
  Evoke: Wand              |       |     2 ||     2
    Use: Scroll            |     5 |     9 ||    14
         Potion            |       |     2 ||     2
   Stab: Sleeping          |     2 |     4 ||     6
         Distracted        |       |     1 ||     1
 Armour: Leather armour    |    25 |    55 ||    80
  Dodge: Dodged            |    46 |    42 ||    88

Levels and vault maps discovered:
D:1:      dpeg_arrival_leaves_temple_mockup, layout_loops_ring, serial_shops,
          nicolae_shop_bloodbath_and_beyond, shop_coins,
          nicolae_shop_gibbet_a_chance, nicolae_square_shop, shop
D:2:      minmay_general_purpose_star, layout_basic, uniq_terence, uniq_natasha
D:3:      kennysheep_the_goblin_king, layout_basic, zin_treasury
D:4:      layout_loops_corners, lemuel_round_altar, serial_shops, shop,
          minmay_misc_feat_cross, minmay_statues_item, dk_rats_in_the_wall
D:5:      layout_cave_pools

Notes
Turn   | Place    | Note
-------+----------+-------------------------------------------
     0 | D:1      | demibob the Merfolk Gladiator began the quest for the Orb.
     0 | D:1      | Reached XP level 1. HP: 16/16 MP: 1/1
    79 | D:1      | Found Zoboh's Magic Scroll Boutique.
   160 | D:1      | Found Agosher's Weapon Boutique.
   175 | D:1      | Found Wiosocla's Assorted Antiques.
   196 | D:1      | Reached XP level 2. HP: 22/22 MP: 2/2
   292 | D:1      | Found Kuinkor's Jewellery Boutique.
   605 | D:1      | Found Coeppiora's Magic Scroll Emporium.
   853 | D:2      | Noticed Natasha
   866 | D:2      | Killed Natasha
   867 | D:2      | Reached skill level 5 in Polearms
   867 | D:2      | Reached skill level 3 in Throwing
   867 | D:2      | Reached XP level 3. HP: 22/27 MP: 3/3
  1115 | D:2      | Noticed Natasha
  1118 | D:2      | Killed Natasha
  1119 | D:2      | Reached XP level 4. HP: 29/33 MP: 4/4
  1150 | D:2      | Noticed Natasha
  1161 | D:2      | Killed Natasha
  1424 | D:2      | Noticed Terence
  1439 | D:2      | Killed Terence
  1440 | D:2      | Reached XP level 5. HP: 16/38 MP: 5/5
  1451 | D:2      | Reached skill level 6 in Polearms
  1954 | D:3      | Found a glowing silver altar of Zin.
  2178 | D:3      | Reached skill level 4 in Throwing
  2291 | D:3      | Noticed Ijyb
  2303 | D:3      | Killed Ijyb
  3145 | D:4      | Reached XP level 6. HP: 36/44 MP: 6/6
  3414 | D:4      | Found a broken altar of Ashenzari.
  3447 | D:4      | Found Plog's Antique Weapon Shoppe.
  3688 | D:4      | Reached skill level 7 in Polearms
  3852 | D:5      | Entered Level 5 of the Dungeon
  3865 | D:5      | Reached skill level 5 in Throwing
  3884 | D:5      | HP: 4/43 [wight/+0 war axe (4)]
  3885 | D:5      | HP: 1/43 [wight/+0 war axe (3)]
  3888 | D:5      | Mangled by a wight

Vanquished Creatures
  An orc priest (D:4)
  A bombardier beetle (D:5)
  Ijyb (D:3)
  Natasha (thrice) (D:2)
  An orc wizard (D:4)
  Terence (D:2)
  3 gnolls (D:4)
  2 adders (D:4)
  3 dart slugs
  14 orcs
  5 bats
  5 endoplasms
  3 giant cockroaches
  10 goblins
  4 hobgoblins
  3 jackals (D:3)
  4 kobolds
  A quokka (D:2)
  4 ball pythons
  7 frilled lizards
  4 rats
80 creatures vanquished.

Table legend: (Time is in decaauts)
 A = Elapsed time spent in this place.
 B = Non-inter-level travel time spent in this place.
 C = Inter-level travel time spent in this place.
 D = Time resting spent in this place.
 E = Time spent auto-exploring this place.
 F = Levels seen in this place.
 G = Mean time per level.
                   A        B        C        D        E       F      G
               +--------+--------+--------+--------+--------+-----+--------+
         Total |   3870 |   3776 |     94 |     35 |   3258 |   5 |  774.0 |
       Dungeon |   3870 |   3776 |     94 |     35 |   3258 |   5 |  774.0 |
               +--------+--------+--------+--------+--------+-----+--------+

Top non-repeatable levels by time:
     D:2: 1202 daAuts
     D:3: 967 daAuts
     D:4: 924 daAuts
     D:1: 741 daAuts
     D:5: 35 daAuts

Table legend:
 A = Non-vault XP
 B = Vault XP
 C = Vault XP percentage of total XP
 D = Non-vault monster count
 E = Vault monster count
 F = Vault count percentage of total count
                 A         B        C        D         E       F
            +---------+---------+-------+---------+---------+-------
      Total |     380 |     124 |  24.6 |      67 |      13 |  16.2
            +---------+---------+-------+---------+---------+-------
        D:1 |      32 |       0 |   0.0 |      19 |       0 |   0.0
        D:2 |      82 |      74 |  47.4 |       8 |       6 |  42.9
        D:3 |      32 |      50 |  61.0 |      16 |       7 |  30.4
        D:4 |     192 |       0 |   0.0 |      23 |       0 |   0.0
        D:5 |      42 |       0 |   0.0 |       1 |       0 |   0.0
            +---------+---------+-------+---------+---------+-------
